 Dungeon Sprint DCSS version 0.20-a0-556-g892c87b (webtiles) character file.

6309 Kidiri the Eclecticist (level 10, -6/60 HPs)
             Began as a Deep Elf Fire Elementalist on Feb 4, 2017.
             Was the Champion of Vehumet.
             Mangled by a scimitar of protection (20 damage)
             ... in the Dungeon (Sprint V: "Ziggurat Sprint").
             The game lasted 00:08:54 (1148 turns).

Kidiri the Eclecticist (Deep Elf Fire Elementalist) Turns: 1148, Time: 00:08:55

Health: -6/60      AC:  9    Str:  5    XL:     10   Next: 64%
Magic:  9/38       EV: 18    Int: 42    God:    Vehumet [******]
Gold:   0          SH:  0    Dex: 18    Spells: 5/41 levels left

rFire    + . .     SeeInvis .   I - +6 Majin-Bo {vamp, Archmagi MP+6 Int+6}
rCold    + . .     Gourm    .   J - +0 robe of the Blacksmith {rF+ rC+ rN+ Stlth-}
rNeg     + . .     Faith    .   (shield currently unavailable)
rPois    .         Spirit   .   (no helmet)
rElec    .         Reflect  .   R - +2 cloak {+Inv}
rCorr    .         Harm     .   O - +2 pair of gloves {Dex+3}
MR       +....     NoTele   +   (no boots)
Stlth    +.........             (no amulet)
Regen    0.2/turn               B - +6 ring of intelligence
                                A - +6 ring of intelligence

@: very slightly contaminated
A: no striking features
a: Renounce Religion, Evoke Invisibility


You were in the Dungeon.
You worshipped Vehumet.
Vehumet was exalted by your worship.
You were hungry.

You visited 1 branch

Inventory:

Hand Weapons
 I - the +6 Majin-Bo (weapon) {vamp, Archmagi MP+6 Int+6}
   (You found it in the Dungeon)

   It inflicts no extra harm, but heals its wielder when it wounds a living foe.
   It affects your intelligence (+6).
   It affects your magic capacity (+6).
Armour
 a - a +0 robe
 J - the +0 robe of the Blacksmith (worn) {rF+ rC+ rN+ Stlth-}
   (You found it in the Dungeon)

   It protects you from fire.
   It protects you from cold.
   It protects you from negative energy.
   It makes you less stealthy.
 O - a +2 pair of gloves of dexterity (worn)
 R - a +2 cloak of invisibility (worn)
Jewellery
 m - an uncursed ring of magical power
 y - a +6 ring of dexterity
 z - a +6 ring of dexterity
 A - a +6 ring of intelligence (left hand)
 B - a +6 ring of intelligence (right hand)
 P - an uncursed ring of fire
Wands
 E - a wand of disintegration (6/24)
 F - a wand of iceblast (5/15)
 G - a wand of lightning (5/15)
 H - a wand of acid (5/15)
Scrolls
 i - 2 scrolls of blinking
 p - 4 scrolls of amnesia
 q - 3 scrolls of recharging
 r - 7 scrolls of fog
 s - a scroll of holy word
 t - 5 scrolls of identify
 u - 5 scrolls of remove curse
 v - 2 scrolls of fear
 N - a scroll of brand weapon
Potions
 d - 9 potions of curing
 e - 12 potions of heal wounds
 f - 6 potions of haste
 g - 7 potions of magic
 h - 3 potions of berserk rage
 j - 2 potions of brilliance
 k - 3 potions of invisibility
 l - 4 potions of resistance
 n - 5 potions of agility
 o - 5 potions of might
 K - 2 potions of ambrosia {unknown}
Books
 b - a book of Flames

   Spells                             Type                      Level
   a - Flame Tongue                   Conjuration/Fire             1
   b - Throw Flame                    Conjuration/Fire             2
   c - Conjure Flame                  Conjuration/Fire             3
   d - Inner Flame                    Hexes/Fire                   3
   e - Sticky Flame                   Conjuration/Fire             4
   f - Fireball                       Conjuration/Fire             5
 C - a book of Clouds

   Spells                             Type                      Level
   a - Poisonous Vapours              Poison/Air                   2
   b - Mephitic Cloud                 Conjuration/Poison/Air       3
   c - Conjure Flame                  Conjuration/Fire             3
   d - Freezing Cloud                 Conjuration/Ice/Air          6
   e - Ring of Flames                 Charms/Fire                  7
 M - a book of the Dragon

   Spells                             Type                      Level
   a - Flame Tongue                   Conjuration/Fire             1
   b - Cause Fear                     Hexes                        4
   c - Bolt of Fire                   Conjuration/Fire             6
   d - Dragon Form                    Transmutation                7
   e - Dragon's Call                  Summoning                    9
 Q - a book of Air

   Spells                             Type                      Level
   a - Shock                          Conjuration/Air              1
   b - Swiftness                      Charms/Air                   2
   c - Repel Missiles                 Charms/Air                   2
   d - Static Discharge               Conjuration/Air              3
   e - Lightning Bolt                 Conjuration/Air              5
Comestibles
 c - 5 bread rations
 w - 39 fruits
 x - 4 meat rations


   Skills:
 + Level 5.6 Fighting
 + Level 5.5 Staves
 + Level 5.7 Armour
 + Level 8.5 Dodging
 - Level 2.4 Stealth
 * Level 16.0 Spellcasting
 + Level 9.8 Conjurations
 * Level 8.6 Charms
 + Level 10.4 Fire Magic
 + Level 6.7 Air Magic
 + Level 7.5 Poison Magic
 + Level 7.4 Evocations


You had 5 spell levels left.
You knew the following spells:

 Your Spells              Type           Power        Failure   Level  Hunger
a - Flame Tongue          Conj/Fire      #####        0%          1    None
b - Throw Flame           Conj/Fire      ######       1%          2    None
c - Conjure Flame         Conj/Fire      ########     1%          3    None
d - Inner Flame           Hex/Fire       #######.     1%          3    None
e - Sticky Flame          Conj/Fire      ########     1%          4    None
f - Fireball              Conj/Fire      ########..   1%          5    None
g - Bolt of Fire          Conj/Fire      ########..   1%          6    None
h - Poisonous Vapours     Pois/Air       ######       1%          2    None
i - Mephitic Cloud        Conj/Pois/Air  ########     1%          3    None
j - Ring of Flames        Chrm/Fire      ########..   14%         7    ##.....


Dungeon Overview and Level Annotations

Branches:
Dungeon (1/1)

Altars:
Ashenzari
Cheibriados
Dithmenos
Elyvilon
Fedhas
Gozag
Hepliaklqana
Kikubaaqudgha
Makhleb
Nemelex Xobeh
Okawaru
Qazlal
Ru
Sif Muna
Trog
Uskayaw
Vehumet
Xom
Yredelemnul
Zin
The Shining One
Beogh
Jiyva
Lugonu


Message History

You feel much better.
The vampiric halberd hits you from afar.
You feel much better.
The scimitar of slicing completely misses you.
The vampiric halberd closely misses you.
Unknown command.
Casting: Bolt of Fire
Confirm with . or Enter, or press ? or * to list all spells.
Aiming: Bolt of Fire
Press: ? - help, Shift-Dir - straight line, p - vampiric halberd You feel a surge of power!
You miscast Bolt of Fire.
Your skin glows momentarily.
The scimitar of slicing completely misses you.
The scimitar of protection hits you.
The vampiric halberd hits you from afar!!
The fire elemental completely misses you.
The scimitar of slicing hits you!
* * * LOW HITPOINT WARNING * * *
x2 The scimitar of protection hits you!!
You die...

....)....▓.......▓
.▓.....▓.▓.▓.%.▓.▓
.........▓.......▓
▓▓▓▓▓▓▓▓▓▓▓▓▓▓▓▓▓▓
▓...8©8...▓
▓..}="):..▓
▓...[)[:Y.▓
▓.......(.▓
▓...)..((@▓
▓....§§(E.▓
▓...).....▓
▓.▓.....▓.▓
▓.........▓
▓▓▓▓▓▓▓▓▓▓▓


You could see a fire elemental, an ice beast shaped shifter and 4 dancing
weapons.

Vanquished Creatures
  A hydra (D)
  2 soul eaters (D)
  3 deep elf magi (D)
  An orange demon (D)
  A komodo dragon (D)
  2 rime drakes (D)
  A jumping spider (D)
  2 polar bears (D)
  Sigmund (D)
  A yak (D)
  A basilisk (D)
  An ice beast (D)
  3 necrophages (D)
  A phantom (D)
  Blork the orc (D)
  5 scorpions (D)
  A wight (D)
  A crimson imp (D)
  A quasit (D)
  Crazy Yiuf (D)
  A jelly (D)
  3 orc priests (D)
  An iron imp (D)
  Jessica (D)
  2 iguanas (D)
  A river rat (D)
  A shadow imp (D)
  A white imp (D)
  An ufetubus (D)
  2 oozes (D)
  An adder zombie (D)
  2 orcs (D)
48 creatures vanquished.

Notes
Turn   | Place    | Note
-------+----------+-------------------------------------------
     0 | D        | Kidiri the Deep Elf Fire Elementalist began the quest for the Orb.
     0 | D        | Reached XP level 1. HP: 10/10 MP: 6/6
     0 | D        | Found a deep blue altar of Sif Muna.
     0 | D        | Found a bloodstained altar of Trog.
     0 | D        | Found a sacrificial altar of Ru.
     0 | D        | Found a stormy altar of Qazlal.
     0 | D        | Found an iron altar of Okawaru.
     1 | D        | Found a sparkling altar of Nemelex Xobeh.
     1 | D        | Found a blossoming altar of Fedhas.
     3 | D        | Found an ancient bone altar of Kikubaaqudgha.
     3 | D        | Found a viscous altar of Jiyva.
     3 | D        | Found a corrupted altar of Lugonu.
     3 | D        | Found a hazy altar of Hepliaklqana.
     3 | D        | Found a burning altar of Makhleb.
     3 | D        | Found an opulent altar of Gozag.
    53 | D        | Became a worshipper of Vehumet
    72 | D        | Reached skill level 7 in Spellcasting
    72 | D        | Reached skill level 5 in Fire Magic
    72 | D        | Reached XP level 2. HP: 15/15 MP: 9/12
    76 | D        | Learned a level 2 spell: Throw Flame
   128 | D        | Entered arena 1.
   128 | D        | Noticed a necrophage
   128 | D        | Noticed a necrophage
   132 | D        | Killed a necrophage
   132 | D        | Reached skill level 9 in Spellcasting
   132 | D        | Reached skill level 5 in Conjurations
   132 | D        | Reached XP level 3. HP: 10/19 MP: 15/16
   132 | D        | Reached XP level 4. HP: 13/24 MP: 15/17
   137 | D        | Killed a necrophage
   137 | D        | Reached skill level 11 in Spellcasting
   137 | D        | Reached XP level 5. HP: 11/28 MP: 12/20
   341 | D        | Learned a level 3 spell: Conjure Flame
   345 | D        | Learned a level 3 spell: Inner Flame
   350 | D        | Learned a level 4 spell: Sticky Flame
   356 | D        | Learned a level 5 spell: Fireball
   359 | D        | Learned a level 2 spell: Poisonous Vapours
   363 | D        | Learned a level 3 spell: Mephitic Cloud
   366 | D        | Entered arena 2.
   367 | D        | Reached * piety under Vehumet
   367 | D        | Offered knowledge of Shock by Vehumet.
   368 | D        | Reached skill level 1 in Armour
   426 | D        | Entered arena 3.
   426 | D        | Noticed Sigmund
   426 | D        | Noticed Jessica
   426 | D        | Noticed Blork the orc
   426 | D        | Noticed Crazy Yiuf
   427 | D        | Killed Crazy Yiuf
   427 | D        | Reached ** piety under Vehumet
   427 | D        | Reached skill level 1 in Fighting
   427 | D        | Reached skill level 1 in Air Magic
   427 | D        | Reached skill level 1 in Poison Magic
   427 | D        | Reached skill level 1 in Evocations
   427 | D        | Killed Blork the orc
   427 | D        | Reached XP level 6. HP: 34/34 MP: 22/22
   427 | D        | Killed Jessica
   427 | D        | Reached skill level 12 in Spellcasting
   429 | D        | Killed Sigmund
   439 | D        | Got the +0 robe of the Blacksmith {rF+ rC+ rN+ Stlth-}
   491 | D        | Entered arena 4.
   492 | D        | Reached *** piety under Vehumet
   492 | D        | Reached XP level 7. HP: 40/40 MP: 25/25
   495 | D        | Reached **** piety under Vehumet
   515 | D        | Learned a level 6 spell: Bolt of Fire
   577 | D        | Entered arena 5.
   578 | D        | Offered knowledge of Freeze by Vehumet.
   578 | D        | Reached skill level 5 in Dodging
   630 | D        | Entered arena 6.
   630 | D        | Noticed a polar bear
   630 | D        | Noticed a rime drake
   630 | D        | Noticed a polar bear
   630 | D        | Noticed a rime drake
   632 | D        | Killed a polar bear
   632 | D        | Reached ***** piety under Vehumet
   632 | D        | Reached skill level 1 in Staves
   632 | D        | Reached skill level 13 in Spellcasting
   632 | D        | Reached XP level 8. HP: 40/46 MP: 23/27
   632 | D        | Killed a rime drake
   632 | D        | Reached skill level 5 in Evocations
   633 | D        | Killed a polar bear
   633 | D        | Reached skill level 5 in Poison Magic
   633 | D        | Killed a rime drake
   633 | D        | Reached skill level 14 in Spellcasting
   781 | D        | Entered arena 7.
   781 | D        | Noticed a jumping spider
   782 | D        | Offered knowledge of Ignite Poison by Vehumet.
   783 | D        | Reached skill level 5 in Air Magic
   783 | D        | Reached XP level 9. HP: 47/52 MP: 27/29
   783 | D        | Killed a jumping spider
   786 | D        | Reached ****** piety under Vehumet
   885 | D        | Learned a level 7 spell: Ring of Flames
   885 | D        | Entered arena 8.
   885 | D        | Noticed a komodo dragon
   885 | D        | Noticed an eight-headed hydra
   886 | D        | Reached skill level 1 in Charms
   887 | D        | Killed an eight-headed hydra
   888 | D        | Killed a komodo dragon
   888 | D        | Reached skill level 5 in Armour
   888 | D        | Reached skill level 15 in Spellcasting
   888 | D        | Reached skill level 5 in Charms
   917 | D        | Identified the Almanac of Conjuration (You found it in the Dungeon)
   947 | D        | Entered arena 9.
   947 | D        | Noticed a soul eater
   947 | D        | Noticed a soul eater
   947 | D        | Noticed an orange demon
   948 | D        | Offered knowledge of Olgreb's Toxic Radiance by Vehumet.
   949 | D        | Killed a soul eater
   949 | D        | Reached skill level 5 in Fighting
   949 | D        | Reached skill level 10 in Fire Magic
   949 | D        | Reached XP level 10. HP: 53/59 MP: 28/31
   950 | D        | Killed a soul eater
   950 | D        | Reached skill level 5 in Staves
   959 | D        | Killed an orange demon
  1136 | D        | Entered arena 10.
  1136 | D        | Noticed a war axe of chopping
  1136 | D        | Noticed a deep elf mage
  1136 | D        | Noticed a scimitar of protection
  1136 | D        | Noticed a deep elf mage
  1136 | D        | Noticed a vampiric halberd
  1136 | D        | Noticed a deep elf mage
  1136 | D        | Noticed a scimitar of slicing
  1138 | D        | Killed a deep elf mage
  1138 | D        | Offered knowledge of Irradiate by Vehumet.
  1142 | D        | Killed a deep elf mage
  1145 | D        | Killed a deep elf mage
  1145 | D        | Reached skill level 16 in Spellcasting
  1148 | D        | Mangled by a scimitar of protection

Vault maps used:
D:        sprint_v

Skill      XL: |  1  2  3  4  5  6  7  8  9 10 |
---------------+-------------------------------+-----
Spellcasting   | 7 9 11 12 13 14 15 16 | 16.0
Conjurations   | 4 5 6 7 8 9 |  9.8
Fire Magic     | 5 6 7 8 9 10 | 10.4
Armour         | 1 2 3 4 5 |  5.7
Fighting       | 1 2 3 4 5 |  5.6
Air Magic      | 1 3 5 6 |  6.7
Poison Magic   | 2 3 4 5 6 7 |  7.5
Evocations     | 1 3 4 5 6 7 |  7.4
Dodging        | 3 4 5 6 7 8 |  8.5
Staves         | 1 3 4 5 |  5.5
Charms         | 6 8 |  8.6
Stealth        | |  2.4

Action                   |  1- 3 |  4- 6 |  7- 9 | 10-12 || total
-------------------------+-------+-------+-------+-------++-------
Melee: Quarterstaff      |       |       |     2 |     9 ||    11
 Cast: Flame Tongue      |     3 |     8 |     6 |       ||    17
       Fireball          |       |     2 |    11 |     8 ||    21
       Sticky Flame      |       |       |     2 |       ||     2
       Bolt of Fire      |       |       |       |     1 ||     1
       Mephitic Cloud    |       |       |       |     1 ||     1
Evoke: Wand              |       |       |       |     1 ||     1
  Use: Potion            |     1 |     1 |       |     2 ||     4
       Scroll            |       |       |       |     2 ||     2
  Eat: Fruit             |     3 |       |       |       ||     3
       Chunk             |       |     1 |     1 |       ||     2
Armor: Robe              |       |       |       |     2 ||     2
Dodge: Dodged            |     3 |     2 |     1 |    15 ||    21
